 Dungeon Crawl Stone Soup version 0.28-a0-1387-g3a22ab9bdc (webtiles) character file.

Game seed: 15220639330538904067

83 ytrimaz the Insei (level 4, -4/29 HPs)
             Began as an Octopode Transmuter on Jan 3, 2022.
             Slain by a worm (11 damage)
             ... on level 3 of the Dungeon.
             The game lasted 00:02:53 (2752 turns).

ytrimaz the Insei (Octopode Transmuter)             Turns: 2752, Time: 00:02:54

Health: -4/29      AC:  2    Str:  9    XL:     4   Next: 44%
Magic:  12/17      EV: 19    Int: 17    God:
Gold:   15         SH:  0    Dex: 17    Spells: 2/8 levels left

rFire   . . .      SeeInvis .     - Unarmed
rCold   . . .      Faith    .   (shield currently unavailable)
rNeg    . . .      Spirit   .   (helmet currently unavailable)
rPois   x          Reflect  .   (no amulet)
rElec   .          Harm     .   a - ring of magical power
rCorr   .          Rampage  .   f - ring of willpower
Will    +....                   (no ring)
Stlth   ++........              (no ring)
HPRegen 0.09/turn               (no ring)
MPRegen 0.15/turn               (no ring)
                                (no ring)
                                (no ring)

@: spider-form (expiring), very slightly contaminated
A: venomous fangs, almost no armour, (amphibious), 8 rings, tiny, (camouflage
1), (gelatinous body 1), (nimble swimmer 1), (tentacles)
a: End Transformation


You were on level 3 of the Dungeon.
You were a venomous arachnid creature.
You visited 1 branch of the dungeon, and saw 3 of its levels.

You collected 51 gold pieces.
You spent 36 gold pieces at shops.

Inventory:

Jewellery
 a - a ring of magical power (left front leg)
 d - a ring of ice
 f - a ring of willpower (right front leg)
Scrolls
 b - a scroll of teleportation
 e - 2 scrolls of identify
 g - a scroll of fog {unknown}
 h - a scroll of amnesia {unknown}
Potions
 c - a potion of magic
 i - a potion of curing


   Skills:
 * Level 1.7 Fighting
 * Level 2.4 Dodging
 + Level 3.4 Unarmed Combat
 * Level 2.9 Spellcasting
 * Level 2.7 Transmutations


You had 2 spell levels left.
You knew the following spells:

 Your Spells              Type           Power      Damage    Failure   Level
a - Beastly Appendage     Tmut           22%        N/A       17%         1
b - Wereblood             Tmut           11%        N/A       22%         2
c - Spider Form           Tmut/Pois      7%         N/A       52%         3

Your spell library contained the following spells:

 Spells                   Type           Power      Damage    Failure   Level
 Passwall                 Tmut/Erth      5%         N/A       34%         2
 Sandblast                Erth           4%         2d4       38%         1
 Ignite Poison            Fire/Tmut/Pois 5%         N/A       58%         3
 Mephitic Cloud           Conj/Pois/Air  2%         N/A       69%         3
 Stone Arrow              Conj/Erth      4%         3d7       69%         3
 Ice Form                 Ice/Tmut       7%         N/A       86%         4
 Freezing Cloud           Conj/Ice/Air   1%         6-21      100%        5


Dungeon Overview and Level Annotations

Branches:
Dungeon (3/15)

Altars:

Shops:
D:3 *


Innate Abilities, Weirdness & Mutations

You are a venomous arachnid creature.
You have poisonous fangs.
You are tiny and dextrous.
Your spellcasting is less reliable in this form.
Your armour is entirely melded.
You are incapable of wielding weapons or throwing items.
You cannot wear most types of armour.
((You are amphibious.))
You can wear up to eight rings at the same time.
((Your skin changes colour to match your surroundings (Stealth+).))
((Your rubbery body absorbs attacks. (AC +1, EV +1)))
((You are camouflaged when in or above water. (Stealth+)))
((You have tentacles for arms and can constrict up to eight enemies at once.))


Message History

Casting: Beastly Appendage (safe; 6% risk of failure)
Confirm with . or Enter, or press ? or * to list all spells.
The spell is extremely dangerous to miscast (30% risk of failure)!
Continue anyway?
You miscast Spider Form.
You are very lightly contaminated with residual magic.
You feel odd.
You are poisoned.
You feel sick.
Unknown command.
You feel sick.
You see here a +0 robe.
Okay, then.
Casting: Spider Form (extremely dangerous; 30% risk of failure)
Confirm with . or Enter, or press ? or * to list all spells.
The spell is extremely dangerous to miscast (30% risk of failure)!
Continue anyway?
You turn into a venomous arachnid creature.
You feel sick.
Unknown command.
You feel sick.
You are no longer poisoned.
The river rat misses you.
You see here a +0 robe.
You hit the river rat but do no damage.
The river rat is poisoned.
The river rat misses you.
A bat comes into view.
You hit the river rat.
The river rat looks as sick as possible!
The river rat is heavily wounded.
Your transformation is almost over.
The river rat misses you.
You hit the river rat but do no damage.
The river rat looks as sick as possible!
The river rat is heavily wounded.
The river rat barely misses you.
You barely miss the river rat.
The river rat is almost dead.
You kill the river rat!
The bat completely misses you. The bat closely misses you.
The river rat misses you. The worm bites you!
You die...

######## ..#....#
###.#....#
#...+....+
##.#.#....##
....†......#########
...#.#####.........#
.###.# #.#####[#.#
.....# #.# #s#.#
.#####
####..rwb...>.) .#
#...##.##... ## #≈w.
..) # #≈.. .##. ##
≈≈≈. .. .. .# ≈#≈..
. .# #≈≈≈.. .#


You could see 2 worms, a river rat and a bat.

Vanquished Creatures
  A river rat (D:3)
  3 adders
  2 worms (D:2)
  A dart slug (D:2)
  3 ball pythons
  6 bats
  2 endoplasms
  2 giant cockroaches (D:2)
  4 goblins
  5 hobgoblins
  3 kobolds
  4 frilled lizards
  A rat (D:2)
37 creatures vanquished.

Notes
Turn   | Place    | Note
-------+----------+-------------------------------------------
     0 | D:1      | ytrimaz the Octopode Transmuter began the quest for the
                  | Orb.
     0 | D:1      | Reached XP level 1. HP: 13/13 MP: 3/3
   107 | D:1      | Reached XP level 2. HP: 8/18 MP: 3/5
   298 | D:1      | Learned a level 2 spell: Wereblood
  1450 | D:2      | Reached XP level 3. HP: 15/23 MP: 6/6
  1470 | D:2      | Learned a level 3 spell: Spider Form
  2523 | D:3      | Found Kucvogho's General Store.
  2548 | D:3      | Bought a potion of curing for 36 gold pieces
  2571 | D:3      | Reached XP level 4. HP: 25/28 MP: 7/7
  2752 | D:3      | Slain by a worm

Illustrated notes

Levels and vault maps discovered:
D:1:      giann_bridges, layout_basic
D:2:      layout_basic
D:3:      layout_basic, serial_shops, nicolae_diamond_shop,
          lightli_sewer_entry_pipes, grunt_decor_junction

Action                   |  1- 3 |  4- 6 || total
-------------------------+-------+-------++-------
Melee: Unarmed           |    82 |     9 ||    91
       Kick              |    14 |     2 ||    16
       Constrict         |    22 |     1 ||    23
       Tentacles         |    16 |       ||    16
       Punch             |     2 |       ||     2
 Cast: Beastly Appendage |    24 |     1 ||    25
       Spider Form       |       |     1 ||     1
  Use: Scroll            |     3 |       ||     3
 Stab: Sleeping          |     2 |       ||     2
Armor: Skin              |    17 |       ||    17
Dodge: Dodged            |    68 |    11 ||    79

Table legend: (Time is in decaauts)
 A = Elapsed time spent in this place.
 B = Non-inter-level travel time spent in this place.
 C = Inter-level travel time spent in this place.
 D = Time resting spent in this place.
 E = Time spent auto-exploring this place.
 F = Levels seen in this place.
 G = Mean time per level.
                   A        B        C        D        E       F      G
               +--------+--------+--------+--------+--------+-----+--------+
         Total |   2744 |   2702 |     42 |    148 |   2162 |   3 |  914.7 |
       Dungeon |   2744 |   2702 |     42 |    148 |   2162 |   3 |  914.7 |
               +--------+--------+--------+--------+--------+-----+--------+

Top non-repeatable levels by time:
     D:1: 1275 daAuts
     D:2: 941 daAuts
     D:3: 528 daAuts
